 Dungeon Crawl Stone Soup version 0.28.0 (webtiles) character file.

Game seed: 5981972114375427337

58 Morbidden the Firebug (level 3, -3/26 HPs)
             Began as a Demonspawn Fire Elementalist on Feb 9, 2022.
             Killed by divine providence
             ... invoked by an orc priest
              (13 damage)
             ... on level 3 of the Dungeon.
             The game lasted 00:03:08 (2540 turns).

Morbidden the Firebug (DsFE)                        Turns: 2540, Time: 00:03:08

Health: -3/26      AC:  3    Str:  8    XL:     3   Next: 75%
Magic:  0/6        EV: 12    Int: 18    God:
Gold:   124        SH:  0    Dex: 13    Spells: 3/6 levels left

rFire   . . .      SeeInvis .     - Unarmed
rCold   + . .      Faith    .   (no shield)
rNeg    . . .      Spirit   .   a - +0 robe
rPois   +          Reflect  .   (no helmet)
rElec   .          Harm     .   (no cloak)
rCorr   .          Rampage  .   (no gloves)
Will    .....                   e - +0 pair of boots
Stlth   ++........              (no amulet)
HPRegen 0.08/turn               c - ring of poison resistance
MPRegen 0.10/turn               k - ring of protection from cold

@: no status effects
A: claws 1
a: no special abilities


You were on level 3 of the Dungeon.
You visited 1 branch of the dungeon, and saw 3 of its levels.

You collected 124 gold pieces.

Inventory:

Armour
 a - a +0 robe (worn)
 e - a +0 pair of boots (worn)
Jewellery
 c - a ring of poison resistance (left claw)
 k - a ring of protection from cold (right claw)
Wands
 j - a wand of acid (9)
Scrolls
 b - a scroll of silence {unknown}
 f - a scroll of brand weapon {unknown}
 g - a scroll of vulnerability {unknown}
 h - a scroll of teleportation {unknown}
 m - a scroll of identify {unknown}
Potions
 d - a potion of haste {unknown}
 i - a potion of magic {unknown}
 n - a potion of degeneration {unknown}
 o - a potion of curing {unknown}


   Skills:
 * Level 1.2 Fighting
 + Level 1.9 Dodging
 + Level 1.8 Stealth
 * Level 1.1 Unarmed Combat
 * Level 2.4 Spellcasting
 * Level 1.2 Conjurations
 * Level 3.2 Fire Magic


You had 3 spell levels left.
You knew the following spells:

 Your Spells              Type           Power      Damage    Failure   Level
a - Foxfire               Conj/Fire      40%        2x1d6     7%          1
b - Scorch                Fire           26%        2d6       7%          2

Your spell library contained the following spells:

 Spells                   Type           Power      Damage    Failure   Level
 Conjure Flame            Conj/Fire      10%        6-21      21%         3
 Inner Flame              Hex/Fire       8%         N/A       26%         3
 Flame Wave               Conj/Fire      10%        2d5       56%         4


Dungeon Overview and Level Annotations

Branches:
Dungeon (3/15)

Altars:


Innate Abilities, Weirdness & Mutations

You have sharp fingernails.


Message History

Unknown command.
You barely miss the orc priest.
The orc priest is severely wounded.
The orc priest closely misses you.
Unknown command.
You scratch the orc priest.
The orc priest is almost dead.
The orc priest mumbles some strange prayers to Beogh against you.
Pain shoots through your body!
Ouch! That really hurt!
* * * LOW HITPOINT WARNING * * *
Unknown command.
You feel much better.
The orc priest hits you with a +0 dagger.
Unknown command.
You scratch the orc priest but do no damage.
The orc priest is almost dead.
The orc priest hits you with a +0 dagger.
Unknown command.
You barely miss the orc priest.
The orc priest is almost dead.
The orc priest looks satisfied for a moment.
Unknown command.
Casting: Foxfire (safe; 7% risk of failure)
Confirm with . or Enter, or press ? or * to list all spells.
You conjure some foxfire!
The orc priest invokes the aid of Beogh against you.
Beogh smites you!
Ouch! That really hurt!
Unknown command.
You scratch the orc priest but do no damage.
The orc priest is almost dead.
The foxfire hits the orc priest.
The orc priest is almost dead.
The foxfire hits the orc priest.
The orc priest is almost dead.
The orc priest invokes the aid of Beogh against you.
Beogh smites you!
Ouch! That really hurt!
You die...

############## ..
#............# ...
#............# .§..
#............# ...o.
#..........(.###......
......................
.............###......
............o# .....
###+###.....@# ##..
#....)..†§§# . ##+
#....†.#####
...####.†....#
#....#......#
#..#.#......##
#>..............
##.#.##......... #
#<#.....#.....


You could see an orc priest.

Vanquished Creatures
  2 adders
  2 worms
  2 giant cockroaches
  5 goblins
  5 jackals
  2 quokkas
  2 ball pythons
  4 bats
  2 frilled lizards (D:1)
  3 kobolds
  5 rats
34 creatures vanquished.

Vanquished Creatures (others)
  119 foxfires
119 creatures vanquished.

Grand Total: 153 creatures vanquished

Notes
Turn   | Place    | Note
-------+----------+-------------------------------------------
     0 | D:1      | Morbidden the Demonspawn Fire Elementalist began the quest
                  | for the Orb.
     0 | D:1      | Reached XP level 1. HP: 13/13 MP: 3/3
   459 | D:1      | Gained mutation: You have sharp fingernails. [demonic
                  | ancestry]
   459 | D:1      | Reached XP level 2. HP: 20/20 MP: 3/5
  1231 | D:2      | Reached skill level 3 in Fire Magic
  1236 | D:2      | Learned a level 2 spell: Scorch
  1265 | D:2      | Found a faded altar of an unknown god.
  1580 | D:2      | Reached XP level 3. HP: 22/25 MP: 1/6
  1982 | D:2      | Reached skill level 1 in Unarmed Combat
  2363 | D:3      | Reached skill level 1 in Fighting
  2530 | D:3      | HP: 1/26 [orc priest (1)]
  2540 | D:3      | Killed from afar by an orc priest

Illustrated notes

Levels and vault maps discovered:
D:1:      dpeg_arrival_short_road, layout_basic, minmay_misc_feat_cross
D:2:      layout_basic, hellmonk_ecumenical_altar_lost_god
D:3:      layout_basic, mainiacjoe_overflow_chevrons, serial_glass,
          glass_columns_b, glass_columns_a, corexii_item_surrounded_by_moat

Skill      XL: |  1  2  3 |
---------------+----------+-----
Fire Magic     | 3 |  3.2
Unarmed Combat | 1 |  1.1
Fighting       | 1 |  1.2
Dodging        | |  1.9
Stealth        | |  1.8
Spellcasting   | |  2.4
Conjurations   | |  1.2

Action                   || total
-------------------------++-------
Melee: Unarmed           ||    20
       Punch             ||     1
 Cast: Foxfire           ||    72
       Scorch            ||     2
  Use: Potion            ||     2
Armor: Robe              ||     9
Dodge: Dodged            ||    35
